 Dungeon Crawl Stone Soup version 0.23-a0-860-g8ff03fb (webtiles) character file.

116091 tidbits the Thaumaturge (level 16, -8/126 HPs)
             Began as a Gnoll Skald on Jan 27, 2019.
             Was an Elder of Cheibriados.
             Mangled by a nagaraja
             ... wielding a +0 halberd
              (11 damage)
             ... on level 4 of the Snake Pit on Jan 28, 2019.
             The game lasted 01:37:28 (5721 turns).

tidbits the Thaumaturge (Gnoll Skald)               Turns: 5721, Time: 01:37:29

Health: -8/126     AC: 18    Str: 23    XL:     16   Next: 35%
Magic:  11/31      EV: 23    Int: 30    God:    Cheibriados [****..]
Gold:   179        SH: 15    Dex: 25    Spells: 13/38 levels left

rFire    . . .     SeeInvis .   a - +2 demon trident (elec)
rCold    + . .     Gourm    .   D - +2 shield
rNeg     . . .     Faith    .   B - +3 ring mail {rC+}
rPois    .         Spirit   .   E - +2 helmet
rElec    .         Reflect  .   C - +2 cloak
rCorr    .         Harm     .   G - +0 pair of gloves
MR       ++...                  (no boots)
Stlth    +++++++...             R - amulet of regeneration
HPRegen  0.71/turn              e - ring of stealth
MPRegen  0.22/turn              H - ring of protection from magic

@: lethally poisoned (-8 -> -18), marked, very slow
A: distributed training, fangs 1, repulsion field 1, camouflage 1, deterioration
1, strong nose
}: 1/15 runes: barnacled
a: Bend Time, Temporal Distortion, Slouch, Renounce Religion


You were on level 4 of the Snake Pit.
You worshipped Cheibriados.
Cheibriados was greatly pleased with you.
You were full.

You visited 5 branches of the dungeon, and saw 24 of its levels.
You visited 1 bazaar.

You collected 583 gold pieces.
You spent 404 gold pieces at shops.

Inventory:

Hand Weapons
 a - a +2 demon trident of electrocution (weapon)
   (You took it off a merfolk impaler on level 1 of the Shoals)
 b - the +8 autumn katana {slice, Clar}
   (You found it on level 5 of the Dungeon)

   It inflicts extra damage upon your enemies.
   It protects you against confusion.
 d - a +2 dagger of venom
   (You took it off an orc on level 8 of the Dungeon)
 f - a +0 vampiric war axe
   (You found it on level 2 of the Shoals)
 N - a +2 whip of distortion
   (You took it off a gnoll on level 10 of the Dungeon)
 S - a +2 demon trident of flaming
   (You took it off a merfolk impaler on level 4 of the Shoals)
Missiles
 c - 45 arrows
 j - a throwing net {!f}
 x - 16 poisoned javelins
 A - 39 tomahawks
 W - 21 javelins (quivered)
Armour
 B - a +3 ring mail of cold resistance (worn)
   (You found it on level 4 of the Shoals)
 C - a +2 cloak (worn)
 D - a +2 shield (worn)
 E - a +2 helmet (worn)
 G - a +0 pair of gloves (worn)
 P - a +2 hat
Magical Staves
 w - an uncursed staff of wizardry {!a}
   (You found it on level 4 of the Lair of Beasts)
Jewellery
 e - a ring of stealth (left hand)
   (You found it on level 5 of the Dungeon)
 i - an uncursed ring of positive energy
   (You found it on level 4 of the Shoals)
 H - a ring of protection from magic (right hand)
   (You found it on level 5 of the Dungeon)
 K - an uncursed ring of resist corrosion
   (You found it on level 9 of the Dungeon)
 O - an uncursed ring of protection from fire
   (You found it on level 8 of the Dungeon)
 R - an amulet of regeneration (around neck)
   (You found it on level 3 of the Lair of Beasts)
 T - an uncursed amulet of guardian spirit
   (You found it on level 2 of the Shoals)
Wands
 h - a wand of clouds (1)
 k - a wand of iceblast (5)
 m - a wand of acid (5)
 p - a wand of paralysis (6)
 v - a wand of polymorph (3)
 z - a wand of enslavement (3)
 U - a wand of digging (3)
Scrolls
 n - 2 scrolls of fear
 q - 4 scrolls of fog
 r - 6 scrolls of remove curse
 t - 4 scrolls of teleportation
 u - 6 scrolls of magic mapping
 L - a scroll of silence {!r}
 M - 3 scrolls of amnesia
 V - 5 scrolls of immolation {!r}
Potions
 g - 4 potions of curing
 o - 4 potions of ambrosia
 y - 2 potions of cancellation {unknown}
 I - 2 potions of agility
 J - a potion of mutation {!q}
 Q - 4 potions of magic
 Y - 2 potions of flight
 Z - 2 potions of heal wounds {unknown}
Miscellaneous
 F - a sack of spiders
 X - a phial of floods
Comestibles
 l - 17 rations


   Skills:
 + Level 11.4 Fighting
 + Level 10.5 Short Blades
 + Level 10.5 Long Blades
 + Level 10.5 Axes
 + Level 10.5 Maces & Flails
 + Level 11.4 Polearms
 + Level 10.5 Staves
 + Level 10.5 Slings
 + Level 10.5 Bows
 + Level 10.5 Crossbows
 + Level 10.5 Throwing
 + Level 10.9 Armour
 + Level 11.4 Dodging
 + Level 10.5 Stealth
 + Level 10.5 Shields
 + Level 10.5 Unarmed Combat
 + Level 11.6 Spellcasting
 + Level 9.0 Conjurations
 + Level 9.0 Hexes
 + Level 10.4 Charms
 + Level 9.0 Summonings
 + Level 9.0 Necromancy
 + Level 9.0 Translocations
 + Level 9.0 Transmutations
 + Level 9.0 Fire Magic
 + Level 9.0 Ice Magic
 + Level 9.0 Air Magic
 + Level 9.0 Earth Magic
 + Level 9.0 Poison Magic
 + Level 11.4 Invocations
 + Level 10.5 Evocations


You had 13 spell levels left.
You knew the following spells:

 Your Spells              Type           Power        Failure   Level  Hunger
b - Blink                 Tloc           N/A          1%          2    None
c - Conjure Flame         Conj/Fire      ######..     1%          3    None
g - Shroud of Golubria    Chrm/Tloc      ######....   1%          2    None
i - Infusion              Chrm           ####         1%          1    None
m - Mephitic Cloud        Conj/Pois/Air  ######..     1%          3    None
r - Regeneration          Chrm/Necr      ######....   1%          3    None
w - Spectral Weapon       Hex/Chrm       ######..     1%          3    None
y - Song of Slaying       Chrm           ######..     1%          2    None
D - Death Channel         Necr           ######....   28%         6    #####..

Your spell library contained the following spells:

 Spells                   Type           Power        Failure   Level  Hunger
 Magic Dart               Conj           ####         1%          1    None
 Sting                    Conj/Pois      ####         1%          1    None
 Summon Butterflies       Summ           ######..     1%          1    None
 Call Imp                 Summ           ######..     1%          2    None
 Poisonous Vapours        Pois/Air       ######       1%          2    None
 Slow                     Hex            ######..     1%          2    None
 Olgreb's Toxic Radiance  Pois           ######..     1%          4    None
 Iskenderun's Battlesphe  Conj/Chrm      ######..     3%          5    ##.....
 Bolt of Magma            Conj/Fire/Erth ######....   5%          5    ##.....
 Venom Bolt               Conj/Pois      ######....   5%          5    ##.....
 Iron Shot                Conj/Erth      ######....   28%         6    #####..
 Orb of Destruction       Conj           ######....   85%         7    ######.
 Spellforged Servitor     Conj/Summ      ######....   85%         7    ######.
 Summon Hydra             Summ           ######....   85%         7    ######.


Dungeon Overview and Level Annotations

Branches:
Dungeon (10/15)            Temple (1/1) D:4            Lair (5/6) D:9
 Shoals (4/4) Lair:3        Snake (4/4) Lair:3
  Slime: Lair:5-6       Orc: D:9-12

Altars:
Ashenzari
Cheibriados
Elyvilon
Fedhas
Gozag
Kikubaaqudgha
Makhleb
Nemelex Xobeh
Okawaru
Qazlal
Ru
Sif Muna
Trog
Uskayaw
Vehumet
Wu Jian
Xom
Yredelemnul
Zin
The Shining One

Shops:
D:4 [   D:5 (

Annotations:
Shoals:3 Ilsuiw


Innate Abilities, Weirdness & Mutations

Your experience applies equally to all skills.
You have very sharp teeth.
Your uncanny sense of smell can sniff out nearby items.
You are surrounded by a mild repulsion field. (EV +2)
Your skin changes colour to match your surroundings (Stealth+).
Your body sometimes deteriorates upon taking damage.


Message History

A black mamba comes into view.
The naga spits poison at you.
You are poisoned.
The splash of poison hits you but does no damage.
A naga ritualist comes into view. It is wielding a +1 dagger of venom.
The guardian serpent is engulfed in freezing vapours.
The naga ritualist is engulfed in blazing flames.
Unknown command.
Unknown command.
Unknown command.
Unknown command.
Unknown command.
Okay, then.
Unknown command.
Evoke which item? (* to show all) (? for menu, Esc to quit)
Aiming: Cloud Cone
Press: ? - help, Dir - move target cursor You create a blast of poison gas!
You feel sick.
The anaconda is engulfed in blazing flames.
A guardian serpent comes into view.
The anaconda is engulfed in blazing flames.
The naga sharpshooter is engulfed in blazing flames.
The naga sharpshooter casts a spell.
The naga sharpshooter magically shoots a bolt.
The bolt hits you!
* * * LOW HITPOINT WARNING * * *
The naga mage spits poison at you. You block the splash of poison.
The anaconda is engulfed in freezing vapours.
The anaconda seems to slow down.
The naga is engulfed in freezing vapours.
The naga spits poison at you. The splash of poison misses you.
A nagaraja comes into view. It is wielding a +0 whip.
The nagaraja gestures wildly while chanting.
The nagaraja seems to speed up.
The anaconda is engulfed in freezing vapours.
The nagaraja is engulfed in freezing vapours.
The naga warrior is engulfed in freezing vapours.
The naga sharpshooter unwields a +0 trident.
The naga sharpshooter wields a +0 shortbow.
The naga sharpshooter gestures wildly while chanting.
The naga sharpshooter magically shoots an arrow.
You block the arrow.
The guardian serpent is engulfed in freezing vapours.
The naga ritualist is engulfed in freezing vapours.
The naga ritualist spits poison at you.
You are more poisoned.
The splash of poison hits you.
* * * LOW HITPOINT WARNING * * *
The anaconda is engulfed in blazing flames.
The naga spits poison at you.
You are more poisoned.
The splash of poison hits you.
* * * LOW HITPOINT WARNING * * *
The anaconda is engulfed in freezing vapours.
The anaconda seems to slow down.
Unknown command.
You can feel time thicken for a moment.
You kill the anaconda!
Cheibriados thoroughly appreciates the change of pace.
Your Conjurations skill increases to level 9!
Your Hexes skill increases to level 9!
Your Summonings skill increases to level 9!
Your Necromancy skill increases to level 9!
Your Translocations skill increases to level 9!
Your Transmutations skill increases to level 9!
Your Fire Magic skill increases to level 9!
Your Ice Magic skill increases to level 9!
Your Air Magic skill increases to level 9!
Your Earth Magic skill increases to level 9!
Your Poison Magic skill increases to level 9!
You kill the guardian serpent!
Cheibriados thoroughly appreciates the change of pace.
You kill the naga!
Cheibriados appreciates the change of pace.
You kill the black mamba!
Cheibriados thoroughly appreciates the change of pace.
Cheibriados raises the support of your attributes as your movement slows.
You feel somewhat less full.
Cheibriados lowers the support of your attributes as your movement quickens.
You feel sick.
The nagaraja is engulfed in blazing flames.
The nagaraja casts a spell at you.
You are more poisoned.
The poison arrow hits you!!
* * * LOW HITPOINT WARNING * * *
The naga sharpshooter is engulfed in blazing flames.
The naga sharpshooter shoots a bolt.
The bolt hits you.
* * * LOW HITPOINT WARNING * * *
The anaconda is engulfed in freezing vapours.
The anaconda seems to slow down.
The naga is engulfed in freezing vapours.
You kill the naga!
Cheibriados appreciates the change of pace.
The naga mage closely misses you. You block the naga mage's attack.
An anaconda comes into view.
The nagaraja is engulfed in freezing vapours.
The nagaraja hits you from afar with a +0 halberd!
You die... ##### ..N§§## ..N§§§§## #§§NN# #.N@# ##§NN# SNSN§#

.§8§S§§§
.§§N§N§§§§#
8NSN8§§§§§#
..SN†NNS..#
8.NS8N....#


You could see 2 naga warriors, 5 nagarajas, 3 naga sharpshooters, 4 anacondas, 3
naga ritualists, 3 guardian serpents, 2 naga magi and 3 nagas.

Vanquished Creatures
  Gastronok (D:8)
  Frances (Shoals:1)
  The ghost of Ratty the Sniper, an adept MiMo of Okawaru (Snake:1)
  2 merfolk javelineers (Shoals:4)
  7 merfolk impalers
  Harold (D:8)
  9 naga warriors
  3 hydras
  A catoblepas (Lair:2)
  4 merfolk avatars
  An alligator snapping turtle (Shoals:2)
  3 merfolk aquamancers (Shoals:4)
  4 anacondas
  A two-headed ogre (D:7)
  A queen ant (Lair:2)
  4 naga sharpshooters
  2 shock serpents
  8 sea snakes
  2 salamander mystics (Snake:3)
  4 naga ritualists
  A lindwurm (Lair:4)
  A cyclops (Shoals:4)
  13 harpies
  6 mana vipers
  A wolf spider (Snake:1)
  6 salamanders
  5 fauns
  8 manticores
  9 merfolk sirens
  22 black mambas
  13 naga magi
  5 guardian serpents
  2 water nymphs
  8 spiny frogs
  3 komodo dragons
  14 merfolk
  4 wind drakes
  8 blink frogs
  7 hippogriffs
  4 dream sheep (Shoals:4)
  3 snapping turtles
  7 water elementals
  2 wyverns
  21 yaks
  2 basilisks
  3 hungry ghosts
  24 nagas
  21 water moccasins
  20 soldier ants (Lair:2)
  A floating eye (Snake:2)
  11 porcupines
  A sky beast (D:7)
  2 black bears
  A necrophage (D:4)
  4 ice beasts
  11 wolves
  5 ogres
  3 centaurs
  19 crocodiles
  8 bullfrogs
  2 gnoll sergeants
  7 scorpions
  5 killer bees
  3 wights (D:9)
  A howler monkey (D:5)
  2 centaur zombies
  5 crimson imps
  2 jellies
  A centaur skeleton (D:7)
  2 orc priests
  A hound (D:9)
  9 orc wizards
  6 iguanas
  6 hell rats (Lair:2)
  19 worker ants
  A killer bee zombie (D:8)
  A hound skeleton (D:5)
  8 gnolls
  13 adders
  An ooze (D:5)
  An adder skeleton (D:4)
  9 leopard geckos
  24 orcs
  A ball python (D:3)
  4 giant cockroaches
  4 goblins
  A hobgoblin (D:3)
  7 jackals
  A kobold (D:1)
  3 quokkas
  3 bats
  6 frilled lizards
  3 spectral weapons
531 creatures vanquished.

Vanquished Creatures (others)
  A salamander (Snake:3)
  2 fungi (D:9)
  A plant (Shoals:2)
  7 spectral weapons
11 creatures vanquished.

Grand Total: 542 creatures vanquished

Notes
Turn   | Place    | Note
-------+----------+-------------------------------------------
     0 | D:1      | tidbits the Gnoll Skald began the quest for the Orb.
     0 | D:1      | Reached XP level 1. HP: 20/20 MP: 6/6
    89 | D:1      | Reached XP level 2. HP: 25/26 MP: 2/7
   166 | D:2      | Noticed a scorpion
   177 | D:2      | Killed a scorpion
   177 | D:2      | Reached skill level 1 in Short Blades
   177 | D:2      | Reached skill level 1 in Long Blades
   177 | D:2      | Reached skill level 1 in Axes
   177 | D:2      | Reached skill level 1 in Maces & Flails
   177 | D:2      | Reached skill level 1 in Staves
   177 | D:2      | Reached skill level 1 in Slings
   177 | D:2      | Reached skill level 1 in Bows
   177 | D:2      | Reached skill level 1 in Crossbows
   177 | D:2      | Reached skill level 1 in Throwing
   177 | D:2      | Reached skill level 1 in Stealth
   177 | D:2      | Reached skill level 1 in Shields
   177 | D:2      | Reached skill level 1 in Unarmed Combat
   177 | D:2      | Reached skill level 5 in Spellcasting
   177 | D:2      | Reached skill level 1 in Invocations
   177 | D:2      | Reached skill level 1 in Evocations
   177 | D:2      | Reached XP level 3. HP: 25/31 MP: 2/9
   177 | D:2      | Reached XP level 4. HP: 31/38 MP: 2/11
   212 | D:2      | Learned a level 2 spell: Song of Slaying
   215 | D:2      | Learned a level 2 spell: Shroud of Golubria
   219 | D:2      | Learned a level 3 spell: Spectral Weapon
   223 | D:2      | Learned a level 3 spell: Regeneration
   245 | D:2      | Reached skill level 1 in Conjurations
   245 | D:2      | Reached skill level 1 in Hexes
   245 | D:2      | Reached skill level 1 in Summonings
   245 | D:2      | Reached skill level 1 in Necromancy
   245 | D:2      | Reached skill level 1 in Translocations
   245 | D:2      | Reached skill level 1 in Transmutations
   245 | D:2      | Reached skill level 1 in Fire Magic
   245 | D:2      | Reached skill level 1 in Ice Magic
   245 | D:2      | Reached skill level 1 in Air Magic
   245 | D:2      | Reached skill level 1 in Earth Magic
   245 | D:2      | Reached skill level 1 in Poison Magic
   332 | D:3      | Found a sacrificial altar of Ru.
   373 | D:3      | Reached XP level 5. HP: 28/43 MP: 4/12
   451 | D:4      | Reached skill level 3 in Armour
   541 | D:4      | Found Gizaduz's Antique Armour Boutique.
   555 | D:4      | Found a staircase to the Ecumenical Temple.
   567 | Temple   | Entered the Ecumenical Temple
   575 | Temple   | Became a worshipper of Cheibriados the Contemplative
   589 | D:4      | Reached XP level 6. HP: 50/50 MP: 7/13
   622 | D:3      | You fall through a shaft for 3 floors!
   630 | D:6      | Reached skill level 5 in Fighting
   630 | D:6      | Reached skill level 5 in Polearms
   630 | D:6      | Reached skill level 5 in Dodging
   630 | D:6      | Reached skill level 2 in Invocations
   634 | D:6      | Reached skill level 2 in Short Blades
   634 | D:6      | Reached skill level 2 in Long Blades
   634 | D:6      | Reached skill level 2 in Axes
   634 | D:6      | Reached skill level 2 in Maces & Flails
   634 | D:6      | Reached skill level 2 in Staves
   634 | D:6      | Reached skill level 2 in Slings
   634 | D:6      | Reached skill level 2 in Bows
   634 | D:6      | Reached skill level 2 in Crossbows
   634 | D:6      | Reached skill level 2 in Throwing
   634 | D:6      | Reached skill level 2 in Stealth
   634 | D:6      | Reached skill level 2 in Shields
   634 | D:6      | Reached skill level 2 in Unarmed Combat
   634 | D:6      | Reached skill level 2 in Evocations
   649 | D:6      | Reached XP level 7. HP: 31/56 MP: 3/15
   777 | D:5      | Entered Level 5 of the Dungeon
   779 | D:5      | Found Vahiotac's Antique Weapon Emporium.
   780 | D:5      | Found the +8 autumn katana {slice, Clar}
   831 | D:5      | Reached skill level 2 in Conjurations
   831 | D:5      | Reached skill level 2 in Hexes
   831 | D:5      | Reached skill level 2 in Summonings
   831 | D:5      | Reached skill level 2 in Necromancy
   831 | D:5      | Reached skill level 2 in Translocations
   831 | D:5      | Reached skill level 2 in Transmutations
   831 | D:5      | Reached skill level 2 in Fire Magic
   831 | D:5      | Reached skill level 2 in Ice Magic
   831 | D:5      | Reached skill level 2 in Air Magic
   831 | D:5      | Reached skill level 2 in Earth Magic
   831 | D:5      | Reached skill level 2 in Poison Magic
   856 | D:5      | Found a glowing golden altar of the Shining One.
   969 | D:4      | Reached skill level 3 in Invocations
   972 | D:4      | Reached skill level 6 in Charms
   972 | D:4      | Reached XP level 8. HP: 43/62 MP: 13/16
   980 | D:4      | Reached * piety under Cheibriados
  1042 | D:4      | Bought an embroidered cloak for 187 gold pieces
  1120 | D:5      | Reached skill level 3 in Short Blades
  1120 | D:5      | Reached skill level 3 in Long Blades
  1120 | D:5      | Reached skill level 3 in Axes
  1120 | D:5      | Reached skill level 3 in Maces & Flails
  1120 | D:5      | Reached skill level 3 in Staves
  1120 | D:5      | Reached skill level 3 in Slings
  1120 | D:5      | Reached skill level 3 in Bows
  1120 | D:5      | Reached skill level 3 in Crossbows
  1120 | D:5      | Reached skill level 3 in Throwing
  1120 | D:5      | Reached skill level 4 in Armour
  1120 | D:5      | Reached skill level 3 in Stealth
  1120 | D:5      | Reached skill level 3 in Shields
  1120 | D:5      | Reached skill level 3 in Unarmed Combat
  1120 | D:5      | Reached skill level 3 in Evocations
  1152 | D:6      | Found a sparkling altar of Nemelex Xobeh.
  1161 | D:6      | Reached skill level 6 in Spellcasting
  1272 | D:7      | Noticed a two-headed ogre
  1281 | D:7      | Killed a two-headed ogre
  1281 | D:7      | Reached skill level 6 in Fighting
  1281 | D:7      | Reached skill level 6 in Polearms
  1281 | D:7      | Reached skill level 6 in Dodging
  1281 | D:7      | Reached skill level 3 in Conjurations
  1281 | D:7      | Reached skill level 3 in Hexes
  1281 | D:7      | Reached skill level 3 in Summonings
  1281 | D:7      | Reached skill level 3 in Necromancy
  1281 | D:7      | Reached skill level 3 in Translocations
  1281 | D:7      | Reached skill level 3 in Transmutations
  1281 | D:7      | Reached skill level 3 in Fire Magic
  1281 | D:7      | Reached skill level 3 in Ice Magic
  1281 | D:7      | Reached skill level 3 in Air Magic
  1281 | D:7      | Reached skill level 3 in Earth Magic
  1281 | D:7      | Reached skill level 3 in Poison Magic
  1281 | D:7      | Reached skill level 4 in Invocations
  1281 | D:7      | Reached XP level 9. HP: 59/68 MP: 7/18
  1284 | D:7      | Reached ** piety under Cheibriados
  1285 | D:7      | Reached skill level 4 in Short Blades
  1285 | D:7      | Reached skill level 4 in Long Blades
  1285 | D:7      | Reached skill level 4 in Axes
  1285 | D:7      | Reached skill level 4 in Maces & Flails
  1285 | D:7      | Reached skill level 4 in Staves
  1285 | D:7      | Reached skill level 4 in Slings
  1285 | D:7      | Reached skill level 4 in Bows
  1285 | D:7      | Reached skill level 4 in Crossbows
  1285 | D:7      | Reached skill level 4 in Throwing
  1285 | D:7      | Reached skill level 4 in Stealth
  1285 | D:7      | Reached skill level 4 in Shields
  1285 | D:7      | Reached skill level 4 in Unarmed Combat
  1285 | D:7      | Reached skill level 4 in Evocations
  1319 | D:7      | Reached skill level 5 in Armour
  1390 | D:7      | Learned a level 3 spell: Mephitic Cloud
  1444 | D:10     | Entered Level 10 of the Dungeon
  1498 | D:8      | Noticed Gastronok
  1501 | D:8      | Reached skill level 5 in Invocations
  1511 | D:8      | Gained mutation: Your skin changes colour to match your
                  | surroundings (Stealth+). [potion of mutation]
  1511 | D:8      | Gained mutation: Your body sometimes deteriorates upon
                  | taking damage. [potion of mutation]
  1511 | D:8      | Gained mutation: You are surrounded by a mild repulsion
                  | field. (EV +2) [potion of mutation]
  1512 | D:8      | HP: 8/71 [Gastronok/the air (27)]
  1516 | D:8      | Reached XP level 10. HP: 14/77 MP: 13/20
  1518 | D:8      | Reached skill level 7 in Spellcasting
  1521 | D:8      | Reached *** piety under Cheibriados
  1524 | D:8      | HP: 4/77 [Gastronok/the air (19)]
  1529 | D:9      | Reached skill level 4 in Conjurations
  1529 | D:9      | Reached skill level 4 in Hexes
  1529 | D:9      | Reached skill level 4 in Summonings
  1529 | D:9      | Reached skill level 4 in Necromancy
  1529 | D:9      | Reached skill level 4 in Translocations
  1529 | D:9      | Reached skill level 4 in Transmutations
  1529 | D:9      | Reached skill level 4 in Fire Magic
  1529 | D:9      | Reached skill level 4 in Ice Magic
  1529 | D:9      | Reached skill level 4 in Air Magic
  1529 | D:9      | Reached skill level 4 in Earth Magic
  1529 | D:9      | Reached skill level 4 in Poison Magic
  1554 | D:8      | Killed Gastronok
  1554 | D:8      | Reached skill level 7 in Fighting
  1554 | D:8      | Reached skill level 5 in Short Blades
  1554 | D:8      | Reached skill level 5 in Long Blades
  1554 | D:8      | Reached skill level 5 in Axes
  1554 | D:8      | Reached skill level 5 in Maces & Flails
  1554 | D:8      | Reached skill level 7 in Polearms
  1554 | D:8      | Reached skill level 5 in Staves
  1554 | D:8      | Reached skill level 5 in Slings
  1554 | D:8      | Reached skill level 5 in Bows
  1554 | D:8      | Reached skill level 5 in Crossbows
  1554 | D:8      | Reached skill level 5 in Throwing
  1554 | D:8      | Reached skill level 7 in Dodging
  1554 | D:8      | Reached skill level 5 in Stealth
  1554 | D:8      | Reached skill level 5 in Shields
  1554 | D:8      | Reached skill level 5 in Unarmed Combat
  1554 | D:8      | Reached skill level 7 in Charms
  1554 | D:8      | Reached skill level 5 in Evocations
  1557 | D:8      | Reached skill level 6 in Armour
  1591 | D:8      | Noticed Harold
  1599 | D:8      | Killed Harold
  1599 | D:8      | Reached skill level 6 in Invocations
  1885 | D:9      | Reached XP level 11. HP: 84/84 MP: 15/22
  1940 | D:9      | Reached **** piety under Cheibriados
  1948 | D:9      | Found a staircase to the Lair.
  1975 | Lair:1   | Entered Level 1 of the Lair of Beasts
  1984 | Lair:1   | Reached skill level 6 in Short Blades
  1984 | Lair:1   | Reached skill level 6 in Long Blades
  1984 | Lair:1   | Reached skill level 6 in Axes
  1984 | Lair:1   | Reached skill level 6 in Maces & Flails
  1984 | Lair:1   | Reached skill level 6 in Staves
  1984 | Lair:1   | Reached skill level 6 in Slings
  1984 | Lair:1   | Reached skill level 6 in Bows
  1984 | Lair:1   | Reached skill level 6 in Crossbows
  1984 | Lair:1   | Reached skill level 6 in Throwing
  1984 | Lair:1   | Reached skill level 6 in Stealth
  1984 | Lair:1   | Reached skill level 6 in Shields
  1984 | Lair:1   | Reached skill level 6 in Unarmed Combat
  1984 | Lair:1   | Reached skill level 6 in Evocations
  1988 | Lair:1   | Reached skill level 5 in Conjurations
  1988 | Lair:1   | Reached skill level 5 in Hexes
  1988 | Lair:1   | Reached skill level 5 in Summonings
  1988 | Lair:1   | Reached skill level 5 in Necromancy
  1988 | Lair:1   | Reached skill level 5 in Translocations
  1988 | Lair:1   | Reached skill level 5 in Transmutations
  1988 | Lair:1   | Reached skill level 5 in Fire Magic
  1988 | Lair:1   | Reached skill level 5 in Ice Magic
  1988 | Lair:1   | Reached skill level 5 in Air Magic
  1988 | Lair:1   | Reached skill level 5 in Earth Magic
  1988 | Lair:1   | Reached skill level 5 in Poison Magic
  2029 | Lair:1   | Reached skill level 8 in Spellcasting
  2079 | Lair:2   | Reached skill level 7 in Invocations
  2103 | Lair:2   | Reached skill level 8 in Fighting
  2103 | Lair:2   | Reached skill level 8 in Polearms
  2103 | Lair:2   | Reached skill level 7 in Armour
  2103 | Lair:2   | Reached skill level 8 in Dodging
  2121 | Lair:2   | Reached ***** piety under Cheibriados
  2163 | Lair:2   | Reached XP level 12. HP: 71/93 MP: 11/24
  2231 | Lair:1   | Reached skill level 8 in Charms
  2282 | Lair:2   | Noticed a queen ant
  2284 | Lair:2   | Reached skill level 7 in Short Blades
  2284 | Lair:2   | Reached skill level 7 in Long Blades
  2284 | Lair:2   | Reached skill level 7 in Axes
  2284 | Lair:2   | Reached skill level 7 in Maces & Flails
  2284 | Lair:2   | Reached skill level 7 in Staves
  2284 | Lair:2   | Reached skill level 7 in Slings
  2284 | Lair:2   | Reached skill level 7 in Bows
  2284 | Lair:2   | Reached skill level 7 in Crossbows
  2284 | Lair:2   | Reached skill level 7 in Throwing
  2284 | Lair:2   | Reached skill level 7 in Stealth
  2284 | Lair:2   | Reached skill level 7 in Shields
  2284 | Lair:2   | Reached skill level 7 in Unarmed Combat
  2284 | Lair:2   | Reached skill level 7 in Evocations
  2289 | Lair:2   | Killed a queen ant
  2390 | Lair:2   | Reached skill level 6 in Conjurations
  2390 | Lair:2   | Reached skill level 6 in Hexes
  2390 | Lair:2   | Reached skill level 6 in Summonings
  2390 | Lair:2   | Reached skill level 6 in Necromancy
  2390 | Lair:2   | Reached skill level 6 in Translocations
  2390 | Lair:2   | Reached skill level 6 in Transmutations
  2390 | Lair:2   | Reached skill level 6 in Fire Magic
  2390 | Lair:2   | Reached skill level 6 in Ice Magic
  2390 | Lair:2   | Reached skill level 6 in Air Magic
  2390 | Lair:2   | Reached skill level 6 in Earth Magic
  2390 | Lair:2   | Reached skill level 6 in Poison Magic
  2451 | Lair:2   | Noticed a catoblepas
  2461 | Lair:2   | Killed a catoblepas
  2461 | Lair:2   | Reached ****** piety under Cheibriados
  2461 | Lair:2   | Reached skill level 8 in Invocations
  2504 | Lair:3   | Reached skill level 9 in Spellcasting
  2526 | Lair:3   | Noticed a seven-headed hydra
  2533 | Lair:3   | Killed a seven-headed hydra
  2605 | Lair:5   | Reached skill level 8 in Armour
  2666 | Lair:5   | Reached skill level 9 in Fighting
  2666 | Lair:5   | Reached skill level 9 in Polearms
  2666 | Lair:5   | Reached skill level 9 in Dodging
  2671 | Lair:5   | Reached XP level 13. HP: 96/101 MP: 24/26
  2844 | Lair:4   | Reached skill level 8 in Short Blades
  2844 | Lair:4   | Reached skill level 8 in Long Blades
  2844 | Lair:4   | Reached skill level 8 in Axes
  2844 | Lair:4   | Reached skill level 8 in Maces & Flails
  2844 | Lair:4   | Reached skill level 8 in Staves
  2844 | Lair:4   | Reached skill level 8 in Slings
  2844 | Lair:4   | Reached skill level 8 in Bows
  2844 | Lair:4   | Reached skill level 8 in Crossbows
  2844 | Lair:4   | Reached skill level 8 in Throwing
  2844 | Lair:4   | Reached skill level 8 in Stealth
  2844 | Lair:4   | Reached skill level 8 in Shields
  2844 | Lair:4   | Reached skill level 8 in Unarmed Combat
  2844 | Lair:4   | Reached skill level 8 in Evocations
  3010 | Lair:3   | Found a staircase to the Shoals.
  3015 | Lair:3   | Reached skill level 9 in Invocations
  3019 | Shoals:1 | Entered Level 1 of the Shoals
  3110 | Shoals:1 | Noticed a merfolk impaler
  3119 | Shoals:1 | Killed a merfolk impaler
  3174 | Shoals:1 | Noticed Frances
  3178 | Shoals:1 | Reached skill level 7 in Conjurations
  3178 | Shoals:1 | Reached skill level 7 in Hexes
  3178 | Shoals:1 | Reached skill level 9 in Charms
  3178 | Shoals:1 | Reached skill level 7 in Summonings
  3178 | Shoals:1 | Reached skill level 7 in Necromancy
  3178 | Shoals:1 | Reached skill level 7 in Translocations
  3178 | Shoals:1 | Reached skill level 7 in Transmutations
  3178 | Shoals:1 | Reached skill level 7 in Fire Magic
  3178 | Shoals:1 | Reached skill level 7 in Ice Magic
  3178 | Shoals:1 | Reached skill level 7 in Air Magic
  3178 | Shoals:1 | Reached skill level 7 in Earth Magic
  3178 | Shoals:1 | Reached skill level 7 in Poison Magic
  3187 | Shoals:1 | Killed Frances
  3215 | Shoals:1 | Reached skill level 9 in Armour
  3311 | Shoals:2 | Found a flickering gateway to a bazaar.
  3320 | Bazaar   | Entered a bazaar
  3349 | Bazaar   | Found Xiphuv's Jewellery Emporium.
  3379 | Bazaar   | Found Minofet's Jewellery Emporium.
  3435 | Bazaar   | Found Xoypp's Magic Scroll Boutique.
  3443 | Bazaar   | Bought a scroll of amnesia for 49 gold pieces
  3443 | Bazaar   | Bought a scroll of fog for 28 gold pieces
  3443 | Bazaar   | Bought a scroll of remove curse for 42 gold pieces
  3443 | Bazaar   | Bought a scroll of teleportation for 42 gold pieces
  3443 | Bazaar   | Bought a scroll of teleportation for 42 gold pieces
  3443 | Bazaar   | Bought a scroll of noise for 14 gold pieces
  3489 | Shoals:3 | Noticed Ilsuiw
  3504 | Shoals:2 | Reached skill level 10 in Spellcasting
  3544 | Shoals:1 | Reached XP level 14. HP: 100/109 MP: 22/28
  3564 | Shoals:2 | Noticed a kraken
  3689 | Shoals:4 | Entered Level 4 of the Shoals
  3710 | Shoals:4 | Reached skill level 10 in Fighting
  3710 | Shoals:4 | Reached skill level 10 in Polearms
  3710 | Shoals:4 | Reached skill level 10 in Dodging
  3774 | Shoals:4 | Reached skill level 9 in Short Blades
  3774 | Shoals:4 | Reached skill level 9 in Long Blades
  3774 | Shoals:4 | Reached skill level 9 in Axes
  3774 | Shoals:4 | Reached skill level 9 in Maces & Flails
  3774 | Shoals:4 | Reached skill level 9 in Staves
  3774 | Shoals:4 | Reached skill level 9 in Slings
  3774 | Shoals:4 | Reached skill level 9 in Bows
  3774 | Shoals:4 | Reached skill level 9 in Crossbows
  3774 | Shoals:4 | Reached skill level 9 in Throwing
  3774 | Shoals:4 | Reached skill level 9 in Stealth
  3774 | Shoals:4 | Reached skill level 9 in Shields
  3774 | Shoals:4 | Reached skill level 9 in Unarmed Combat
  3774 | Shoals:4 | Reached skill level 9 in Evocations
  3967 | Shoals:4 | Reached skill level 10 in Invocations
  4068 | Shoals:4 | Got a barnacled rune of Zot
  4284 | Shoals:2 | Reached skill level 8 in Conjurations
  4284 | Shoals:2 | Reached skill level 8 in Hexes
  4284 | Shoals:2 | Reached skill level 8 in Summonings
  4284 | Shoals:2 | Reached skill level 8 in Necromancy
  4284 | Shoals:2 | Reached skill level 8 in Translocations
  4284 | Shoals:2 | Reached skill level 8 in Transmutations
  4284 | Shoals:2 | Reached skill level 8 in Fire Magic
  4284 | Shoals:2 | Reached skill level 8 in Ice Magic
  4284 | Shoals:2 | Reached skill level 8 in Air Magic
  4284 | Shoals:2 | Reached skill level 8 in Earth Magic
  4284 | Shoals:2 | Reached skill level 8 in Poison Magic
  4298 | Shoals:2 | Reached XP level 15. HP: 117/117 MP: 25/29
  4376 | Shoals:1 | Reached skill level 10 in Armour
  4464 | Shoals:1 | HP: 21/117 [merfolk impaler/+2 demon trident of
                  | electrocution (6)]
  4724 | Lair:3   | Found a staircase to the Snake Pit.
  4754 | Snake:1  | Entered Level 1 of the Snake Pit
  4764 | Snake:1  | Learned a level 2 spell: Blink
  4768 | Snake:1  | Learned a level 3 spell: Conjure Flame
  4838 | Snake:1  | HP: 16/117 [naga sharpshooter/bolt (18)]
  4839 | Snake:1  | Reached skill level 11 in Spellcasting
  4843 | Snake:1  | HP: 20/117 [poisoned by a naga sharpshooter (splash of
                  | poison)]
  4878 | Snake:1  | Found a runed translucent door.
  4880 | Snake:1  | Noticed Ratty's ghost (adept MiMo)
  4896 | Snake:1  | Reached skill level 10 in Charms
  4916 | Snake:1  | Killed Ratty's ghost
  4975 | Snake:1  | Reached skill level 10 in Short Blades
  4975 | Snake:1  | Reached skill level 10 in Long Blades
  4975 | Snake:1  | Reached skill level 10 in Axes
  4975 | Snake:1  | Reached skill level 10 in Maces & Flails
  4975 | Snake:1  | Reached skill level 10 in Staves
  4975 | Snake:1  | Reached skill level 10 in Slings
  4975 | Snake:1  | Reached skill level 10 in Bows
  4975 | Snake:1  | Reached skill level 10 in Crossbows
  4975 | Snake:1  | Reached skill level 10 in Throwing
  4975 | Snake:1  | Reached skill level 10 in Stealth
  4975 | Snake:1  | Reached skill level 10 in Shields
  4975 | Snake:1  | Reached skill level 10 in Unarmed Combat
  4975 | Snake:1  | Reached skill level 10 in Evocations
  5103 | Snake:1  | Reached skill level 11 in Fighting
  5103 | Snake:1  | Reached skill level 11 in Polearms
  5103 | Snake:1  | Reached skill level 11 in Dodging
  5155 | Snake:2  | Reached skill level 11 in Invocations
  5300 | Snake:2  | Paralysed by a floating eye for 4 turns
  5409 | Snake:2  | Reached XP level 16. HP: 83/125 MP: 29/31
  5667 | Snake:3  | Identified the Handbook of Black Rites and Companions
  5676 | Snake:3  | Learned a level 6 spell: Death Channel
  5681 | Snake:4  | Entered Level 4 of the Snake Pit
  5715 | Snake:4  | Noticed a nagaraja
  5715 | Snake:4  | Noticed a nagaraja
  5716 | Snake:4  | Noticed a nagaraja
  5717 | Snake:4  | Noticed a nagaraja
  5720 | Snake:4  | Noticed a nagaraja
  5721 | Snake:4  | Reached skill level 9 in Conjurations
  5721 | Snake:4  | Reached skill level 9 in Hexes
  5721 | Snake:4  | Reached skill level 9 in Summonings
  5721 | Snake:4  | Reached skill level 9 in Necromancy
  5721 | Snake:4  | Reached skill level 9 in Translocations
  5721 | Snake:4  | Reached skill level 9 in Transmutations
  5721 | Snake:4  | Reached skill level 9 in Fire Magic
  5721 | Snake:4  | Reached skill level 9 in Ice Magic
  5721 | Snake:4  | Reached skill level 9 in Air Magic
  5721 | Snake:4  | Reached skill level 9 in Earth Magic
  5721 | Snake:4  | Reached skill level 9 in Poison Magic
  5721 | Snake:4  | HP: 8/126 [nagaraja/poison arrow (30)]
  5721 | Snake:4  | HP: 3/126 [naga sharpshooter/bolt (5)]
  5721 | Snake:4  | Mangled by a nagaraja

Vault maps used:
D:1:      sevenhm_arrival_forest_fort_large_2, minmay_split_cup_small
D:3:      cheibrodos_pilgrimage, first_ration, grunt_decor_cap, st_stairs_11,
          minmay_misc_feat_x, lemuel_altar_in_water
D:4:      minmay_temple_entry_gardened_gates, serial_shops, shop
D:5:      overflow_temple_1_default, serial_shops, shop_fountains
D:6:      nicolae_overflow_hidden_temple, kennysheep_mini_moat
D:7:      overflow_temple_1_default, uniq_crazy_yiuf_cottage
D:8:      uniq_gastronok, uniq_harold
D:9:      due_lair_maze_entry_diamond, david_orc_2, serial_shops, shop,
          minmay_evil_grid
D:10:     minmay_lizard_king
Temple:   nicolae_temple_no_exploring_needed
Lair:1:   grunt_megastairs_2
Lair:2:   lemuel_reptile_caves, minivault_29
Lair:3:   elwin_shoals_entry_rooms, minmay_snake_entry_six_corridors,
          gauntlet_entry_generic, nicolae_volcano_entry_vermiform,
          fungi_pond_lemuel, chequers_serial_rivers_micro_a, minmay_holes
Lair:4:   grunt_megastairs_4, lemuel_fruit_tree, serial_bayou_shore_b
Lair:5:   beast_lair_carwin_large_4, nicolae_slime_entry_slimehenge,
          nicolae_quartered_pool_medium, uniq_kirke
Shoals:1: uniq_frances
Shoals:2: serial_shops, bzr_entry_customers, abandoned_shop
Shoals:3: argonaut_golden_fleece, uniq_ilsuiw
Shoals:4: shoals_end_simple
Snake:1:  ebering_ghost_inner_flame
Snake:2:  uniq_vashnia
Snake:3:  st_stairs_6
Snake:4:  grunt_snake_rune_serpentine_throne
Bazaar:   bazaar_minmay_generic_d

Skill      XL: |  1  2  3  4  5  6  7  8  9 10 11 12 13 14 15 16 |
---------------+-------------------------------------------------+-----
Short Blades   | 1 2 3 4 5 6 7 8 9 10 | 10.5
Long Blades    | 1 2 3 4 5 6 7 8 9 10 | 10.5
Axes           | 1 2 3 4 5 6 7 8 9 10 | 10.5
Maces & Flails | 1 2 3 4 5 6 7 8 9 10 | 10.5
Staves         | 1 2 3 4 5 6 7 8 9 10 | 10.5
Slings         | 1 2 3 4 5 6 7 8 9 10 | 10.5
Bows           | 1 2 3 4 5 6 7 8 9 10 | 10.5
Crossbows      | 1 2 3 4 5 6 7 8 9 10 | 10.5
Throwing       | 1 2 3 4 5 6 7 8 9 10 | 10.5
Stealth        | 1 2 3 4 5 6 7 8 9 10 | 10.5
Shields        | 1 2 3 4 5 6 7 8 9 10 | 10.5
Unarmed Combat | 1 2 3 4 5 6 7 8 9 10 | 10.5
Spellcasting   | 5 6 7 8 9 10 11 | 11.6
Invocations    | 1 2 3 4 5 6 7 8 9 10 11 | 11.4
Evocations     | 1 2 3 4 5 6 7 8 9 10 | 10.5
Conjurations   | 1 2 3 4 5 6 7 8 9 |  9.0
Hexes          | 1 2 3 4 5 6 7 8 9 |  9.0
Summonings     | 1 2 3 4 5 6 7 8 9 |  9.0
Necromancy     | 1 2 3 4 5 6 7 8 9 |  9.0
Translocations | 1 2 3 4 5 6 7 8 9 |  9.0
Transmutations | 1 2 3 4 5 6 7 8 9 |  9.0
Fire Magic     | 1 2 3 4 5 6 7 8 9 |  9.0
Ice Magic      | 1 2 3 4 5 6 7 8 9 |  9.0
Air Magic      | 1 2 3 4 5 6 7 8 9 |  9.0
Earth Magic    | 1 2 3 4 5 6 7 8 9 |  9.0
Poison Magic   | 1 2 3 4 5 6 7 8 9 |  9.0
Armour         | 3 4 5 6 7 8 9 10 | 10.9
Fighting       | 5 6 7 8 9 10 11 | 11.4
Polearms       | 5 6 7 8 9 10 11 | 11.4
Dodging        | 5 6 7 8 9 10 11 | 11.4
Charms         | 6 7 8 9 10 | 10.4

Action                   |  1- 3 |  4- 6 |  7- 9 | 10-12 | 13-15 | 16-18 || total
-------------------------+-------+-------+-------+-------+-------+-------++-------
Melee: Spear             |    26 |    52 |       |       |       |       ||    78
       Unarmed           |     2 |    19 |       |       |       |       ||    21
       Bite              |       |     9 |    16 |    67 |    84 |    13 ||   189
       Dagger            |       |     1 |       |       |     1 |       ||     2
       Trident           |       |    26 |    17 |       |     7 |       ||    50
       Punch             |       |     1 |     3 |     2 |       |       ||     6
       Katana            |       |       |    82 |   261 |   230 |       ||   573
       Demon trident     |       |       |       |       |   269 |    82 ||   351
Throw: Tomahawk          |       |       |     7 |    12 |    42 |       ||    61
       Stone             |       |       |     1 |       |       |       ||     1
       Javelin           |       |       |       |       |    11 |       ||    11
 Cast: Infusion          |     4 |       |       |       |       |       ||     4
       Spectral Weapon   |       |    11 |    19 |    27 |    70 |     8 ||   135
       Regeneration      |       |     3 |     5 |    13 |    40 |     6 ||    67
       Song of Slaying   |       |     2 |     4 |     9 |     3 |       ||    18
       Shroud of Golubri |       |     3 |     4 |     7 |     2 |       ||    16
       Mephitic Cloud    |       |       |       |       |     4 |       ||     4
Invok: Slouch            |       |       |       |     1 |     3 |     5 ||     9
       Temporal Distorti |       |       |       |       |     1 |       ||     1
       Step From Time    |       |       |       |       |     1 |       ||     1
       Bend Time         |       |       |       |       |     1 |       ||     1
Evoke: Wand              |       |       |       |       |    29 |     4 ||    33
  Use: Potion            |     1 |     1 |     2 |     1 |     3 |     1 ||     9
       Scroll            |       |     3 |    10 |     6 |     3 |     4 ||    26
 Stab: Sleeping          |       |     1 |     3 |     7 |    16 |     3 ||    30
       Distracted        |       |       |       |     3 |    10 |     1 ||    14
       Confused          |       |       |       |       |     2 |       ||     2
  Eat: Ration            |       |     1 |     1 |     4 |     2 |       ||     8
Armor: Leather armour    |     4 |     6 |     6 |       |       |       ||    16
       Skin              |       |    15 |       |       |       |       ||    15
       Ring mail         |       |       |    19 |    34 |    76 |    22 ||   151
Dodge: Dodged            |    14 |    46 |    79 |   173 |   411 |    53 ||   776
Block: Buckler           |       |       |       |    58 |   203 |       ||   261
       Shield            |       |       |       |       |     8 |    66 ||    74
       Rpst.: Katana     |       |       |    23 |    59 |    57 |       ||   139

Table legend:
 A = Non-vault XP
 B = Vault XP
 C = Vault XP percentage of total XP
 D = Non-vault monster count
 E = Vault monster count
 F = Vault count percentage of total count
                 A         B        C        D         E       F
            +---------+---------+-------+---------+---------+-------
      Total |  102102 |   45171 |  30.7 |     374 |     155 |  29.3
            +---------+---------+-------+---------+---------+-------
        D:1 |      15 |       0 |   0.0 |       9 |       0 |   0.0
        D:2 |     129 |       0 |   0.0 |      12 |       0 |   0.0
        D:3 |      20 |      59 |  74.7 |       4 |       7 |  63.6
        D:4 |     381 |       0 |   0.0 |      10 |       0 |   0.0
        D:5 |     443 |       0 |   0.0 |      14 |       0 |   0.0
        D:6 |     789 |       0 |   0.0 |      27 |       0 |   0.0
        D:7 |    1543 |       0 |   0.0 |      11 |       0 |   0.0
        D:8 |    1874 |    3252 |  63.4 |      28 |       2 |   6.7
        D:9 |     291 |    1079 |  78.8 |       6 |       7 |  53.8
       D:10 |     589 |       0 |   0.0 |       9 |       0 |   0.0
     Lair:1 |    3353 |     963 |  22.3 |      17 |       5 |  22.7
     Lair:2 |    4970 |    6189 |  55.5 |      26 |      67 |  72.0
     Lair:3 |    3381 |    1856 |  35.4 |      13 |      12 |  48.0
     Lair:4 |    8072 |     411 |   4.8 |      29 |       1 |   3.3
     Lair:5 |     747 |    4719 |  86.3 |       4 |      14 |  77.8
   Shoals:1 |   13775 |    2189 |  13.7 |      25 |       1 |   3.8
   Shoals:2 |    8333 |       1 |   0.0 |      18 |       1 |   5.3
   Shoals:3 |    5115 |     759 |  12.9 |      11 |       2 |  15.4
   Shoals:4 |   10236 |   12920 |  55.8 |      20 |      21 |  51.2
    Snake:1 |   12423 |    2851 |  18.7 |      26 |       2 |   7.1
    Snake:2 |   18703 |       0 |   0.0 |      42 |       0 |   0.0
    Snake:3 |    5964 |    2207 |  27.0 |      12 |       3 |  20.0
    Snake:4 |     956 |    5716 |  85.7 |       1 |      10 |  90.9
            +---------+---------+-------+---------+---------+-------

Table legend:
 A = Turns spent in this place as a percentage of turns spent in the entire game.
 B = Non-inter-level travel turns spent in this place as a percentage of non-inter-level travel turns spent in the entire game.
 C = Inter-level travel turns spent in this place as a percentage of turns spent in this place.
 D = Turns resting spent in this place as a percentage of non-inter-level travel turns spent in this place.
 E = Turns spent auto-exploring this place as a percentage of non-inter-level travel turns spent in this place.
 F = Non-inter-level travel turns spent in this place divided by the number of levels of this place that you've seen.
                   A       B       C       D       E      F
               +-------+-------+-------+-------+-------+----------------------
         Total | 100.0 | 100.0 |   1.5 |   0.0 |   0.0 | 225.5
       Dungeon |  34.2 |  33.5 |   3.5 |   0.0 |   0.0 | 188.8
        Temple |   0.3 |   0.1 |  77.8 |   0.0 |   0.0 |   4.0
          Lair |  22.1 |  22.4 |   0.0 |   0.0 |   0.0 | 252.6
        Shoals |  23.8 |  24.2 |   0.0 |   0.0 |   0.0 | 340.5
     Snake Pit |  16.9 |  17.2 |   0.0 |   0.0 |   0.0 | 241.8
        Bazaar |   2.7 |   2.7 |   0.0 |   0.0 |   0.0 | 154.0
               +-------+-------+-------+-------+-------+----------------------

Table legend:
 A = Kills in this place as a percentage of kills in entire the game.
 B = Kills by you in this place as a percentage of kills by you in the entire game.
 C = Kills by friends in this place as a percentage of kills by friends in the entire game.
 D = Other kills in this place as a percentage of other kills in the entire game.
 E = Experience gained in this place as a percentage of experience gained in the entire game.
 F = Experience gained in this place divided by the number of levels of this place that you have seen.
                   A       B       C       D       E      F
               +-------+-------+-------+-------+-------+----------------------
         Total | 100.0 | 100.0 |   N/A | 100.0 | 100.0 | 5890.9
       Dungeon |  27.6 |  27.8 |   N/A |   0.0 |   7.1 | 1046.4
          Lair |  35.5 |  35.7 |   N/A |   0.0 |  23.5 | 6932.2
        Shoals |  18.7 |  18.4 |   N/A |  66.7 |  36.2 | 13332.0
     Snake Pit |  18.1 |  18.1 |   N/A |  33.3 |  33.1 | 12205.0
               +-------+-------+-------+-------+-------+----------------------

Vault maps used:
D:1:      sevenhm_arrival_forest_fort_large_2, minmay_split_cup_small
D:3:      cheibrodos_pilgrimage, first_ration, grunt_decor_cap, st_stairs_11,
          minmay_misc_feat_x, lemuel_altar_in_water
D:4:      minmay_temple_entry_gardened_gates, serial_shops, shop
D:5:      overflow_temple_1_default, serial_shops, shop_fountains
D:6:      nicolae_overflow_hidden_temple, kennysheep_mini_moat
D:7:      overflow_temple_1_default, uniq_crazy_yiuf_cottage
D:8:      uniq_gastronok, uniq_harold
D:9:      due_lair_maze_entry_diamond, david_orc_2, serial_shops, shop,
          minmay_evil_grid
D:10:     minmay_lizard_king
Temple:   nicolae_temple_no_exploring_needed
Lair:1:   grunt_megastairs_2
Lair:2:   lemuel_reptile_caves, minivault_29
Lair:3:   elwin_shoals_entry_rooms, minmay_snake_entry_six_corridors,
          gauntlet_entry_generic, nicolae_volcano_entry_vermiform,
          fungi_pond_lemuel, chequers_serial_rivers_micro_a, minmay_holes
Lair:4:   grunt_megastairs_4, lemuel_fruit_tree, serial_bayou_shore_b
Lair:5:   beast_lair_carwin_large_4, nicolae_slime_entry_slimehenge,
          nicolae_quartered_pool_medium, uniq_kirke
Shoals:1: uniq_frances
Shoals:2: serial_shops, bzr_entry_customers, abandoned_shop
Shoals:3: argonaut_golden_fleece, uniq_ilsuiw
Shoals:4: shoals_end_simple
Snake:1:  ebering_ghost_inner_flame
Snake:2:  uniq_vashnia
Snake:3:  st_stairs_6
Snake:4:  grunt_snake_rune_serpentine_throne
Bazaar:   bazaar_minmay_generic_d
